Map: Deathaura LE

Players

Cham - Winner!

  • Race: Zerg Zerg
  • League: Grandmaster
  • Spawn Location: 11:00

Erik

  • Race: Zerg Zerg
  • Spawn Location: 5:00

Event: DreamHack SC2 Masters 2020 Winter

VOD

Have the link to the VOD?

Description

Time

  • Played on: Oct. 24, 2020, 3:32 p.m.
  • Length: 5:38

All games in this series

Show
View Real Time Build Order
Export as new Build Order

Cham Zerg - Winner!

Build Orders: Hatch First 

Get SALT Encoding   

  12  0:00  Drone  
  13  0:08  Drone  
  14  0:16  Overlord  
  15  0:35  Drone x2  
  16  0:46  Hatchery  
  15  0:51  Drone  
  15  0:55  Drone  
  17  0:58  Drone  
  18  1:09  Extractor  
  17  1:13  Spawning Pool  
  17  1:16  Drone  
  17  1:19  Drone  
  18  1:29  Drone  
  19  1:41  Drone  
  20  2:00  Queen x2, Zergling x4  
  26  2:05  Drone  
  27  2:08  Overlord  
  27  2:12  Drone  
  27  2:14  Metabolic Boost  
  28  2:27  Drone x2  
  30  2:34  Hatchery  
  29  2:37  Drone  
  29  2:39  Drone  
  31  2:45  Drone x2  
  33  2:51  Baneling Nest  
  33  2:54  Overlord  
  33  2:58  Drone  
  33  3:04  Drone  
  34  3:07  Zergling x2  
  34  3:09  Zergling x2  
  36  3:13  Overlord  
  36  3:14  Drone x2  
  36  3:15  Drone  
  36  3:19  Zergling x2  
  40  3:20  Drone  
  40  3:22  Drone  
  42  3:28  Lair  
  42  3:30  Extractor  
  42  3:32  Drone  
  42  3:35  Drone  
  42  3:40  Zergling x2  
  43  3:43  Zergling x6  
  43  3:44  Zergling x2  
  43  3:45  Zergling x2  
  43  3:46  Zergling x2  
  49  3:50  Zergling x4  
  50  3:58  Zergling x6  
  53  4:03  Baneling x4  
  53  4:05  Zergling x4  
  53  4:09  Queen  
  57  4:13  Overlord  
  57  4:18  Zergling x2  
  57  4:23  Overlord  
  56  4:31  Zergling x6  
  56  4:37  Zergling x12  
  62  4:49  Zergling x6  
  62  4:50  Spire  
  62  4:55  Zergling x2  
  62  4:58  Drone  
  62  4:59  Drone  
  60  5:02  Baneling x3  
  60  5:03  Drone x2  
  61  5:09  Baneling x2  
  61  5:10  Drone x3  
  61  5:12  Drone  
  61  5:13  Drone x2  
  67  5:20  Drone  
  67  5:21  Drone  
  64  5:32  Extractor  
  64  5:33  Extractor  
Show
View Real Time Build Order
Export as new Build Order

Erik Zerg 

Build Orders: Hatch First 

Get SALT Encoding   

  12  0:00  Drone  
  13  0:08  Drone  
  14  0:15  Drone, Extractor  
  15  0:36  Hatchery  
  15  0:40  Extractor  
  15  0:41  Drone  
  15  0:48  Overlord  
  15  1:02  Spawning Pool  
  14  1:06  Drone  
  14  1:09  Drone  
  16  1:12  Drone  
  16  1:17  Drone  
  18  1:27  Extractor  
  18  1:28  Drone  
  18  1:39  Drone  
  19  1:49  Queen x2  
  19  1:50  Drone  
  19  1:51  Drone  
  25  1:59  Drone  
  25  2:00  Overlord  
  26  2:10  Drone  
  26  2:11  Drone  
  28  2:21  Drone  
  28  2:22  Drone  
  30  2:24  Queen  
  32  2:32  Overlord  
  32  2:36  Drone  
  33  2:37  Evolution Chamber  
  33  2:43  Drone x2  
  34  2:53  Drone  
  34  2:57  Drone x3, Overlord  
  38  2:58  Drone  
  38  2:59  Drone x2  
  38  3:05  Zerg Ground Armor Level 1  
  41  3:13  Overlord  
  41  3:15  Drone  
  41  3:19  Drone  
  44  3:20  Drone, Roach Warren  
  44  3:27  Metabolic Boost, Extractor  
  42  3:31  Drone  
  42  3:33  Drone x2  
  45  3:34  Overlord  
  45  3:38  Zergling x6  
  45  3:39  Zergling x2  
  48  3:54  Hatchery  
  47  3:57  Zergling x2  
  47  3:58  Zergling x6  
  51  4:05  Zergling x10  
  56  4:14  Overlord  
  56  4:21  Roach x3  
  56  4:32  Roach x2  
  56  4:35  Zergling x6  
  54  4:40  Zergling x2  
  54  4:41  Zergling x6  
  53  4:48  Zergling x2  
  41  4:55  Roach x2  
  41  4:56  Queen  
  41  5:02  Zergling x2  
  43  5:11  Zergling x2  
  43  5:12  Zergling x2  
  43  5:14  Zergling x2  
  46  5:20  Zergling x2  
  46  5:21  Zergling x2  
Tags
 
Add a new tag
Caveats
  • Supply blocks, unpowered buildings, or Contaminate may cause inaccurate times.
  • Supply counts are checked every 10 seconds.